 Dungeon Crawl Stone Soup version 0.16.2-12-gd0ad4c3 (webtiles) character file.

40796 SlimeFever the Warrior (level 13, -18/122 (127) HPs)
             Began as a Minotaur Fighter on Sept 30, 2015.
             Was a High Priest of Qazlal.
             Blown up by an orb spider (43 damage)
             ... with an orb of destruction
             ... on level 1 of the Spider Nest.
             The game lasted 02:47:05 (14430 turns).

SlimeFever the Warrior (Minotaur Fighter)          Turns: 14430, Time: 02:47:07

HP:   -18/122 (127) AC: 31    Str: 23    XL:     13   Next: 76%
MP:   6/6           EV:  8    Int:  5    God:    Qazlal [*****.]
Gold: 697           SH: 20    Dex:  7    Spells: 1 memorised, 9 levels left

rFire  . . .     SeeInvis .     a - +3 war axe (chop)
rCold  . . .     Rnd*Rage +     P - +5 plate armour
rNeg   . . .     SustAb   .     c - +0 shield
rPois  +         Gourm    .     (helmet restricted)
rElec  .         Spirit   .     u - +1 cloak
rCorr  .         Warding  .     O - +0 pair of gloves
rMut   .         Stasis   .     A - +2 pair of boots
MR     .....                    D - amulet of faith
Stlth  ..........               R - +2 ring of strength
                                p - ring of poison resistance

@: protected from physical damage, repel missiles, not resistant to hostile
enchantments, extremely unstealthy
A: retaliatory headbutt, horns 2, berserk 1, clumsy 2, dopey 1, weak 1
a: Upheaval, Elemental Force, Disaster Area, Renounce Religion


You were on level 1 of the Spider Nest.
You worshipped Qazlal.
Qazlal was extremely pleased with you.
You were not hungry.

You visited 4 branches of the dungeon, and saw 19 of its levels.

You collected 767 gold pieces.
You spent 70 gold pieces at shops.

Inventory:

Hand weapons
 a - a +3 war axe of chopping (weapon)
 b - a +0 blowgun
 v - a +0 hunting sling
 J - a +1 vampiric hand axe
Missiles
 x - 3 tomahawks of returning
 z - 82 sling bullets
 B - 2 tomahawks (quivered)
 F - 42 poisoned needles
 I - 3 throwing nets
 X - 5 curare-tipped needles
Armour
 c - a +0 shield (worn)
 n - a +1 chain mail
 u - a +1 cloak (worn)
 A - a +2 pair of boots (worn)
 O - a +0 pair of gloves (worn)
 P - a +5 plate armour (worn)
Jewellery
 p - a ring of poison resistance (left hand)
 y - an uncursed ring of protection from magic
 D - an amulet of faith (around neck)
 H - an uncursed ring of positive energy
 M - an uncursed ring of protection from fire
 R - a +2 ring of strength (right hand)
 Z - an uncursed amulet of clarity
Magical devices
 g - a wand of paralysis (12)
 h - a wand of disintegration (17)
 m - a wand of frost (31)
 N - a wand of draining (6)
 T - a wand of flame (23)
 Y - a wand of magic darts (18)
Scrolls
 l - 3 scrolls of amnesia
 o - 8 scrolls of remove curse
 r - 2 scrolls of blinking
 s - a scroll of fog
 t - a scroll of magic mapping
 C - 5 scrolls of identify
 Q - 7 scrolls of teleportation
 W - 2 scrolls of recharging
Potions
 e - 4 potions of might
 i - a potion of brilliance
 j - 3 potions of cancellation
 k - a potion of lignification
 w - 5 potions of curing
 E - 4 potions of poison
 G - a potion of agility
 S - 2 potions of heal wounds
Books
 f - a Fen Folio

   Spells                             Type                      Level
   a - Corpse Rot                     Necromancy                   2
   b - Stone Arrow                    Conjuration/Earth            3
   c - Leda's Liquefaction            Hexes/Earth                  4
   d - Summon Forest                  Summoning/Translocation      5
   e - Hydra Form                     Transmutation                6
   f - Summon Hydra                   Summoning                    7
 q - a book of Air

   Spells                             Type                      Level
   a - Shock                          Conjuration/Air              1
   b - Swiftness                      Charms/Air                   2
   c - Repel Missiles                 Charms/Air                   2
   d - Flight                         Charms/Air                   3
   e - Static Discharge               Conjuration/Air              3
   f - Lightning Bolt                 Conjuration/Air              5
Comestibles
 d - 4 bread rations
 K - a beef jerky
 L - 4 slices of pizza
 U - 5 meat rations


   Skills:
 * Level 15.4 Fighting
 + Level 13.8 Axes
 + Level 2.8 Throwing
 * Level 12.9 Armour
 - Level 3.0 Dodging
 - Level 0.8 Stealth
 + Level 14.0 Shields
 + Level 0.4 Unarmed Combat
 + Level 0.6 Invocations
 + Level 0.4 Evocations


You had 9 spell levels left.
You knew the following spells:

 Your Spells              Type           Power        Failure   Level  Hunger
a - Stone Arrow           Conj/Erth      #.....       100%        3    ####...


Dungeon Overview and Level Annotations

Branches:
Dungeon (11/15)            Temple (1/1) D:7            Lair (6/8) D:11
  Swamp (0/5) Lair:6       Spider (1/5) Lair:6        Slime (0/6) Lair:6
    Orc: D:9-12

Altars:
Ashenzari
Cheibriados
Dithmenos
Elyvilon
Fedhas
Gozag
Kikubaaqudgha
Makhleb
Nemelex Xobeh
Okawaru
Qazlal
Ru
Sif Muna
Trog
Vehumet
Xom
Yredelemnul
Zin
The Shining One

Shops:
D:4 %[%   D:10 }


Innate Abilities, Weirdness & Mutations

You reflexively headbutt those who attack you in melee.
You have a pair of horns on your head.
You tend to lose your temper in combat.
You are very clumsy. (Dex -4)
You are dopey. (Int -2)
You are weak. (Str -2)


Message History

You block the tarantella's attack. x2
The redback bites you but does no damage.
The tarantella is struck by lightning.
You kill the tarantella!
Qazlal accepts your kill.
You hear an angry hiss.
You closely miss the redback.
The redback is almost dead.
You hit the tarantella.
The tarantella is severely wounded.
The tarantella barely misses you. The redback bites you.
* * * LOW HITPOINT WARNING * * *
You closely miss the tarantella.
The tarantella is severely wounded.
You hit the redback but do no damage.
The redback is almost dead.
You block the tarantella's attack.
The redback bites you but does no damage.
The orb of destruction hits you!
You die...

........... ..............
...............
................ #####
#..s...s........ #.#.###
#............(.# ......##
#..§§..§§.......
.......#######.§ss§§..†$......
.........^##....@§§...........
.####......#..§§§§............
## ##...§##.....†.†.........
.. ###..#......†^†.†.......
... ##^.....%....####..... ...
#...........## .... ..>
#.##........# .. . ##
##.......# . ##......#


You could see 2 orb spiders, a tarantella and a redback.

Vanquished Creatures
  3 hydras
  Erica (Lair:1)
  5 death yaks (Lair:3)
  2 wolf spiders (Spider:1)
  2 oklob plants (Lair:3)
  2 ugly things (D:11)
  A cyclops (D:11)
  3 elephants (Lair:4)
  2 black mambas
  2 jumping spiders (Spider:1)
  4 komodo dragons
  A troll (D:11)
  4 fire drakes
  10 spiny frogs
  2 giant leeches (Lair:6)
  A polar bear (Lair:5)
  The ghost of SlimeFever the Insei, an average DsMo of Ru (D:4)
  Prince Ribbit (Lair:3)
  2 two-headed ogres (D:11)
  24 blink frogs
  2 basilisks
  2 redbacks (Spider:1)
  A wraith (D:11)
  49 yaks
  A deep elf mage (D:11)
  5 hippogriffs
  6 trapdoor spiders
  2 wyverns
  A human (D:7)
  2 tarantellas
  A hog (D:7)
  A hungry ghost (D:8)
  7 water moccasins
  3 wolves (D:11)
  4 porcupines
  3 sky beasts
  A black bear (Lair:4)
  4 spiders (Spider:1)
  3 orc warriors
  2 phantoms
  An ice beast (D:11)
  An ogre (D:9)
  12 centaurs
  5 necrophages
  Sigmund (D:3)
  The ghost of kraktruk the Grave Robber, an average DENe (D:3)
  2 big kobolds (D:11)
  2 crocodiles (Lair:1)
  15 giant frogs
  5 scorpions
  4 crimson imps
  3 electric eels
  A quasit (D:6)
  2 giant frog zombies
  17 hounds
  Crazy Yiuf (D:3)
  3 orc priests
  10 iguanas
  5 orc wizards
  A centaur skeleton (D:11)
  A gnoll shaman (D:10)
  A killer bee zombie (D:11)
  5 worker ants
  32 sheep
  A hound skeleton (D:9)
  A mummy (D:9)
  9 gnolls
  2 worker ant zombies
  21 adders
  43 river rats
  2 shadow imps
  3 worms
  2 adder zombies
  7 giant geckos
  23 orcs
  20 bats
  15 hobgoblins
  15 jackals
  7 quokkas
  2 ball pythons
  A ball python skeleton (D:4)
  7 giant cockroaches
  A giant cockroach zombie (D:5)
  A giant gecko skeleton (D:3)
  4 giant newts
  13 goblins
  A jackal zombie (D:8)
  18 kobolds
  10 rats
  2 ballistomycetes (D:5)
  9 bushes
  3 butterflies
  23 fungi
  47 plants
617 creatures vanquished.

Vanquished Creatures (others)
  An orb spider (Spider:1)
  A tarantella (Spider:1)
  A worker ant (D:9)
  A giant spore (D:5)
  A bush (D:8)
  7 fungi
  7 plants
19 creatures vanquished.

Grand Total: 636 creatures vanquished

Notes
Turn   | Place    | Note
--------------------------------------------------------------
     0 | D:1      | SlimeFever, the Minotaur Fighter, began the quest for the Orb.
     0 | D:1      | Reached XP level 1. HP: 19/19 MP: 1/1
   121 | D:1      | Reached skill level 4 in Fighting
   121 | D:1      | Reached XP level 2. HP: 18/27 MP: 1/1
   301 | D:1      | Reached XP level 3. HP: 28/33 MP: 2/2
   660 | D:2      | Found a stormy altar of Qazlal.
   714 | D:2      | Became a worshipper of Qazlal Stormbringer
   820 | D:2      | Found a glowing golden altar of the Shining One.
  1094 | D:2      | Reached XP level 4. HP: 41/41 MP: 2/2
  2164 | D:3      | Noticed Crazy Yiuf
  2169 | D:3      | Killed Crazy Yiuf
  2169 | D:3      | Reached skill level 5 in Armour
  2169 | D:3      | Reached XP level 5. HP: 47/47 MP: 2/2
  2522 | D:3      | Acquired Qazlal's first power
  2522 | D:3      | Reached skill level 1 in Dodging
  2523 | D:3      | Reached skill level 5 in Fighting
  2771 | D:3      | Noticed kraktruk's ghost (average DENe)
  2777 | D:3      | Killed kraktruk's ghost
  2777 | D:3      | Reached XP level 6. HP: 52/56 MP: 3/3
  2827 | D:3      | Noticed Sigmund
  2833 | D:3      | Killed Sigmund
  2833 | D:3      | Reached skill level 5 in Shields
  3177 | D:4      | Found Schovef Othi's Antique Armour Boutique.
  3451 | D:4      | Noticed SlimeFever's ghost (average DsMo)
  3467 | D:4      | Killed SlimeFever's ghost
  3467 | D:4      | Reached skill level 6 in Fighting
  3467 | D:4      | Reached XP level 7. HP: 55/63 MP: 3/3
  3508 | D:4      | Acquired Qazlal's second power
  3581 | D:4      | Found Gheuff's Food Boutique.
  3603 | D:4      | Bought a bread ration for 70 gold pieces
  3647 | D:4      | Reached skill level 5 in Axes
  3923 | D:4      | Found Zexoif's Food Shop.
  3997 | D:5      | Entered Level 5 of the Dungeon
  4279 | D:5      | Reached XP level 8. HP: 69/71 MP: 3/3
  4407 | D:5      | Reached skill level 7 in Armour
  4932 | D:6      | Acquired Qazlal's third power
  5297 | D:7      | Learned a level 3 spell: Stone Arrow
  5469 | D:7      | Reached skill level 8 in Armour
  5482 | D:7      | Reached XP level 9. HP: 63/81 MP: 4/4
  5610 | D:7      | Found a staircase to the Ecumenical Temple.
  5764 | Temple   | Entered the Ecumenical Temple
  6005 | D:7      | Found an iron altar of Okawaru.
  6256 | D:8      | Acquired Qazlal's fourth power
  6297 | D:8      | Found a blossoming altar of Fedhas.
  6793 | D:8      | Reached skill level 9 in Fighting
  7220 | D:9      | Found a stormy altar of Qazlal.
  7387 | D:9      | Reached skill level 10 in Fighting
  7484 | D:9      | Reached XP level 10. HP: 90/93 MP: 4/4
  7934 | D:9      | Found a white marble altar of Elyvilon.
  8059 | D:10     | Entered Level 10 of the Dungeon
  8064 | D:10     | Found Trasoj's Gadget Boutique.
  8196 | D:10     | Acquired Qazlal's fifth power
  8630 | D:11     | Reached skill level 1 in Throwing
  8635 | D:11     | Noticed a cyclops
  8649 | D:11     | Killed a cyclops
  8679 | D:11     | Reached skill level 11 in Fighting
  8837 | D:11     | Reached skill level 10 in Shields
  8866 | D:11     | Noticed a cyan ugly thing
  8904 | D:11     | Noticed a cyan ugly thing
  8908 | D:11     | Found an iron altar of Okawaru.
  9108 | D:11     | Killed a cyan ugly thing
  9108 | D:11     | Reached skill level 10 in Armour
  9110 | D:11     | Killed a cyan ugly thing
  9258 | D:11     | Reached XP level 11. HP: 85/97 MP: 0/4
  9492 | D:11     | Found a staircase to the Lair.
  9570 | Lair:1   | Entered Level 1 of the Lair of Beasts
  9590 | Lair:1   | Reached skill level 10 in Axes
 10291 | Lair:1   | Noticed Erica
 10304 | Lair:1   | Killed Erica
 10304 | Lair:1   | Reached skill level 12 in Fighting
 11224 | Lair:3   | Reached XP level 12. HP: 97/108 MP: 5/5
 11236 | Lair:3   | Noticed a death yak
 11238 | Lair:3   | Noticed a death yak
 11240 | Lair:3   | Noticed a death yak
 11243 | Lair:3   | Noticed a death yak
 11243 | Lair:3   | Killed a death yak
 11245 | Lair:3   | Noticed a death yak
 11253 | Lair:3   | Killed a death yak
 11255 | Lair:3   | Killed a death yak
 11255 | Lair:3   | Reached skill level 13 in Fighting
 11262 | Lair:3   | Killed a death yak
 11268 | Lair:3   | Killed a death yak
 11506 | Lair:3   | Gained mutation: You are clumsy. (Dex -2) [potion of mutation]
 11506 | Lair:3   | Gained mutation: You are dopey. (Int -2) [potion of mutation]
 11506 | Lair:3   | Gained mutation: You tend to lose your temper in combat. [potion of mutation]
 11507 | Lair:3   | Gained mutation: You are very clumsy. (Dex -4) [potion of mutation]
 11507 | Lair:3   | Gained mutation: You are weak. (Str -2) [potion of mutation]
 11537 | Lair:3   | Noticed Prince Ribbit
 11557 | Lair:3   | Killed Prince Ribbit
 11948 | Lair:3   | Noticed a five-headed hydra
 11962 | Lair:3   | Killed a 14-headed hydra
 12190 | Lair:3   | Reached skill level 14 in Fighting
 12442 | Lair:4   | Reached XP level 13. HP: 94/119 MP: 6/6
 12727 | Lair:4   | Noticed a seven-headed hydra
 13027 | Lair:4   | Killed a ten-headed hydra
 13350 | Lair:5   | Found a hole to the Spider Nest.
 13934 | Lair:6   | Found a hole to the Spider Nest.
 13939 | Lair:6   | Reached skill level 15 in Fighting
 14138 | Lair:6   | Found a staircase to the Swamp.
 14243 | Lair:6   | Found a staircase to the Slime Pits.
 14342 | Spider:1 | Entered Level 1 of the Spider Nest
 14430 | Spider:1 | Blown up by an orb spider

Action                   |  1- 3 |  4- 6 |  7- 9 | 10-12 | 13-15 || total
-------------------------+-------+-------+-------+-------+-------++-------
Melee: War axe           |   112 |   135 |   296 |   703 |   299 ||  1545
       Hand axe          |       |       |    74 |       |       ||    74
       Unarmed           |       |       |       |    13 |       ||    13
 Fire: Blowgun           |       |       |     5 |    17 |     9 ||    31
Throw: Tomahawk          |       |       |     4 |    12 |     5 ||    21
       Throwing net      |       |       |       |     1 |       ||     1
Invok: Upheaval          |       |       |       |     3 |       ||     3
Evoke: Wand              |       |     3 |     2 |       |       ||     5
  Use: Scroll            |     4 |     4 |    11 |     8 |     1 ||    28
       Potion            |       |     4 |     2 |    11 |     1 ||    18
  Eat: Bread ration      |       |     1 |     1 |     1 |       ||     3
       Pizza             |       |     1 |     2 |     4 |     2 ||     9
       Meat ration       |       |     1 |       |       |       ||     1
       Royal jelly       |       |       |     1 |       |     1 ||     2
       Fruit             |       |       |     6 |    10 |     6 ||    22
       Beef jerky        |       |       |       |       |     1 ||     1
